 Dungeon Crawl Stone Soup version 0.29.0-13-gc9e81de378 (webtiles) character file.

Game seed: 14185916168221020585

9271 nickcage the Bludgeoner (level 11, -4/75 HPs)
             Began as a Formicid Abyssal Knight on Sept 7, 2022.
             Was a High Priest of Lugonu.
             Slain by a freezing wraith (9 damage)
             ... in an ice cave.
             The game lasted 00:29:01 (8363 turns).

nickcage the Bludgeoner (Formicid Abyssal Knight)   Turns: 8363, Time: 00:29:03

Health: -4/75      AC: 19    Str: 22    XL:     11   Next: 71%
Magic:  12/12      EV:  6    Int: 10    God:    Lugonu [*****.]
Gold:   877        SH:  4    Dex: 17    Spells: 10/10 levels left

rFire   + . .      SeeInvis +   r - +7 whip of the Howling Viper {vorpal, rF+ rN+ Will+}
rCold   . . .      Faith    .   V - +0 buckler
rNeg    + . .      Spirit   .   S - +0 plate armour
rPois   .          Reflect  .   (helmet unavailable)
rElec   .          Harm     .   (no cloak)
rCorr   .          Rampage  .   N - +1 pair of gloves {Dex+3}
Will    ++...                   p - +1 pair of boots
Stlth   ..........              g - amulet of regeneration
HPRegen 1.02/turn               h - +4 ring of slaying
MPRegen 0.13/turn               j - +4 ring of protection

@: mighty
A: permanent stasis, dig shafts and tunnels, antennae 3, four strong arms
a: Dig, Renounce Religion, Depart the Abyss, Bend Space, Banish, Corrupt, Enter
the Abyss


You were in an ice cave.
You worshipped Lugonu.
Lugonu was extremely pleased with you.
You visited 1 branch of the dungeon, and saw 11 of its levels.
You visited the Abyss 1 time.
You also visited: Bailey and Ice Cave.

You collected 948 gold pieces.
You spent 71 gold pieces at shops.

Inventory:

Hand Weapons
 a - a +2 vorpal mace
 r - the +7 whip of the Howling Viper (weapon) {vorpal, rF+ rN+ Will+}
   (You found it on level 4 of the Dungeon)

   It inflicts extra damage upon your enemies.
   rF:        It protects you from fire.
   rN:        It protects you from negative energy.
   Will:      It increases your willpower.
Missiles
 c - 17 curare-tipped darts (quivered)
 x - 23 boomerangs
 K - 30 poisoned darts
 O - 4 silver javelins
Armour
 b - a +0 leather armour
 p - a +1 pair of boots (worn)
 y - a +0 chain mail
 N - a +1 pair of gloves of dexterity (worn)
 S - a +0 plate armour (worn)
 V - a +0 buckler (worn)
Jewellery
 g - an amulet of regeneration (around neck)
 h - a +4 ring of slaying (left hand)
 j - a +4 ring of protection (right hand)
 v - a +6 ring of dexterity
 E - an amulet of magic regeneration
 H - a +6 ring of intelligence
 L - a ring of fire
Wands
 B - a wand of flame (59)
 C - a wand of light (23)
 G - a wand of iceblast (17)
 I - a wand of mindburst (33)
 R - a wand of paralysis (5)
Scrolls
 e - 2 scrolls of torment
 k - 2 scrolls of enchant armour
 q - a scroll of noise
 s - a scroll of magic mapping
 t - a scroll of amnesia
 F - 2 scrolls of immolation
 P - a scroll of summoning
 T - a scroll of brand weapon
Potions
 d - 4 potions of heal wounds
 f - 2 potions of brilliance
 i - 4 potions of degeneration
 l - 3 potions of curing
 m - 5 potions of lignification
 n - 3 potions of mutation
 o - 3 potions of resistance
 u - 2 potions of ambrosia {unknown}
 w - 2 potions of might
 z - 3 potions of magic
 A - 2 potions of cancellation {unknown}
 D - 3 potions of berserk rage {unknown}
 J - 2 potions of attraction {unknown}
 Q - a potion of haste {unknown}
 U - a potion of experience {unknown}
Miscellaneous
 M - a piece from Xom's chessboard (15/15)


   Skills:
 - Level 3.2 Fighting
 + Level 17.2 Maces & Flails
 - Level 2.1 Armour
 - Level 0.8 Dodging
 + Level 0.2 Shields
 - Level 2.1 Invocations


You had 10 spell levels left.
You didn't know any spells.
Your spell library contained the following spells:

 Spells                   Type           Power      Damage    Failure   Level
 Call Canine Familiar     Summ           0%         N/A       100%        3
 Gell's Gravitas          Tloc           0%         N/A       100%        3
 Lesser Beckoning         Tloc           0%         N/A       100%        3
 Portal Projectile        Hex/Tloc       0%         N/A       100%        3
 Teleport Other           Tloc           0%         N/A       100%        3
 Leda's Liquefaction      Hex/Erth       0%         N/A       100%        4
 Alistair's Intoxication  Tmut/Pois      0%         N/A       100%        5
 Borgnjor's Vile Clutch   Necr/Erth      0%         N/A       100%        5
 Eringya's Noxious Bog    Tmut/Pois      0%         N/A       100%        6


Dungeon Overview and Level Annotations

Branches:
Dungeon (11/15)            Temple (0/1) D:5            Lair (0/5) D:8
    Orc (0/2) D:10         Bailey (visited)           IceCv (1/1)

Altars:
Ashenzari
Cheibriados
Elyvilon
Kikubaaqudgha
Makhleb
Nemelex Xobeh
Qazlal
Uskayaw
Vehumet
Wu Jian
Xom
Zin

Shops:
D:3 [*

Annotations:
D:8 2 transporters


Innate Abilities, Weirdness & Mutations

You cannot be hasted, slowed, berserked, paralysed or teleported.
You can dig through walls and to a lower floor.
You have a pair of large antennae on your head. (SInv)
Your four strong arms can wield two-handed weapons with a shield.


Message History

You feel very mighty all of a sudden.
You thrash the wolf simulacrum!!
The wolf simulacrum vaporises!
Lugonu accepts your kill. 2 death yak simulacra come into view.
Found three items.
You whack the death yak simulacrum!
The death yak simulacrum is moderately damaged.
You block the death yak simulacrum's attack.
You thrash the death yak simulacrum!!
The death yak simulacrum is almost destroyed.
You completely miss the death yak simulacrum.
The death yak simulacrum is almost destroyed.
The death yak simulacrum gores you. The death yak simulacrum freezes you!!!
The freezing wraith hits you. The freezing wraith freezes you!!
* * * LOW HITPOINT WARNING * * *
The freezing wraith hits you but does no damage.
You thrash the death yak simulacrum!!
The death yak simulacrum vaporises!
Lugonu accepts your kill.
You closely miss the freezing wraith.
The freezing wraith hits you but does no damage.
The freezing wraith hits you.
* * * LOW HITPOINT WARNING * * *
The freezing wraith drains your vigour!
Your stasis prevents you from being slowed.
You whack the freezing wraith!
The freezing wraith is lightly damaged.
You feel much better.
The freezing wraith hits you but does no damage.
The freezing wraith hits you.
* * * LOW HITPOINT WARNING * * *
You whack the freezing wraith!
The freezing wraith is severely damaged.
The freezing wraith hits you.
* * * LOW HITPOINT WARNING * * *
The freezing wraith freezes you!
* * * LOW HITPOINT WARNING * * *
The freezing wraith hits you!
You die...

....?[(....##
#......=......#
#....8...8....#
#.............#
#....Z..Z...#
#...........#
#......W°...#
#......@..#
##...∩...##
##..∩..##
#######


You could see a freezing wraith and 2 death yak simulacra.

Vanquished Creatures
  2 two-headed ogres
  An ugly thing (D:8)
  2 trolls
  Grinder (D:4)
  A wraith (D:10)
  9 yaks
  2 shadows (D:9)
  A vampire (D:8)
  A steam dragon (D:8)
  A death yak simulacrum (IceCv)
  5 orc warriors
  An ogre (D:6)
  6 centaurs
  5 phantoms
  9 kobold brigands
  A necrophage (D:5)
  A gnoll sergeant (D:11)
  4 bullfrogs
  2 scorpions
  30 killer bees
  A howler monkey (D:7)
  4 jellies
  4 hounds
  6 orc priests
  Natasha (twice) (D:2)
  6 iguanas
  7 orc wizards
  A wolf simulacrum (IceCv)
  Robin (D:2)
  6 gnolls
  9 adders
  4 river rats (D:7)
  A shadow imp (D:7)
  A white imp (D:6)
  3 ufetubi
  2 worms
  29 orcs
  2 bats (D:3)
  5 endoplasms
  A giant cockroach (D:4)
  13 goblins
  3 hobgoblins
  3 jackals (D:1)
  25 kobolds
  5 quokkas
  7 ball pythons
  5 frilled lizards (D:1)
  4 rats
245 creatures vanquished.

Vanquished Creatures (others)
  4 plants
4 creatures vanquished.

Grand Total: 249 creatures vanquished

Notes
Turn   | Place    | Note
-------+----------+-------------------------------------------
     0 | Abyss:1  | nickcage the Formicid Abyssal Knight began the quest for
                  | the Orb.
     0 | Abyss:1  | Reached XP level 1. HP: 18/18 MP: 2/2
     1 | D:1      | Escaped the Abyss
   389 | D:1      | Found a faded altar of an unknown god.
   398 | D:1      | Reached XP level 2. HP: 24/24 MP: 3/3
   710 | D:1      | Reached skill level 3 in Maces & Flails
  1218 | D:2      | Reached XP level 3. HP: 29/29 MP: 4/4
  1623 | D:2      | Reached skill level 4 in Maces & Flails
  1623 | D:2      | Reached XP level 4. HP: 33/35 MP: 5/5
  1639 | D:2      | Reached *** piety under Lugonu
  1647 | D:2      | Noticed Robin
  1658 | D:2      | Killed Robin
  1715 | D:2      | Noticed Natasha
  1722 | D:2      | Killed Natasha
  1798 | D:2      | Noticed Natasha
  1810 | D:2      | Killed Natasha
  1811 | D:2      | Reached skill level 5 in Maces & Flails
  1811 | D:2      | Reached XP level 5. HP: 33/41 MP: 6/6
  2011 | D:3      | Found a sparkling altar of Nemelex Xobeh.
  2196 | D:3      | Found Fyejaenod's General Store.
  2213 | D:3      | Bought a +0 chain mail for 49 gold pieces
  2213 | D:3      | Bought a scroll of identify for 22 gold pieces
  2557 | D:3      | Found Jubun's Antique Armour Emporium.
  2749 | D:4      | Reached XP level 6. HP: 35/47 MP: 7/7
  2808 | D:4      | Found a snail-covered altar of Cheibriados.
  2847 | D:4      | Reached skill level 6 in Maces & Flails
  2911 | D:4      | Noticed Grinder
  2920 | D:4      | Killed Grinder
  2921 | D:4      | Reached skill level 7 in Maces & Flails
  2921 | D:4      | Reached XP level 7. HP: 48/52 MP: 8/8
  2995 | D:4      | Reached **** piety under Lugonu
  3132 | D:4      | Found a hide-covered altar of Uskayaw.
  3167 | D:4      | Identified the +7 whip of the Howling Viper {vorpal, rF+
                  | rN+ Will+}
  3306 | D:5      | Entered Level 5 of the Dungeon
  3308 | D:5      | Found a staircase to the Ecumenical Temple.
  3321 | D:5      | Reached skill level 8 in Maces & Flails
  3406 | D:5      | Found a glowing silver altar of Zin.
  3460 | D:5      | Reached XP level 8. HP: 55/58 MP: 9/9
  3531 | D:5      | Reached skill level 9 in Maces & Flails
  3898 | D:6      | Reached skill level 10 in Maces & Flails
  4106 | D:6      | Reached XP level 9. HP: 63/64 MP: 10/10
  4341 | D:7      | Found a stormy altar of Qazlal.
  4399 | D:7      | Found a broken altar of Ashenzari.
  4412 | D:7      | Reached skill level 11 in Maces & Flails
  4572 | D:7      | Found a shimmering altar of Xom.
  4587 | D:7      | Identified the +2 short sword of the Winnowing Traitor
                  | {protect, rCorr Str+4 Dex-3}
  4643 | D:7      | Found a radiant altar of Vehumet.
  4693 | D:7      | Found a burning altar of Makhleb.
  4774 | D:7      | Found an ornate altar of the Wu Jian Council.
  5029 | D:7      | Reached skill level 12 in Maces & Flails
  5252 | D:8      | Noticed a centaur warrior
  5252 | D:8      | Noticed a centaur warrior
  5252 | D:8      | Found a transporter.
  5260 | D:8      | Noticed a boulder beetle
  5266 | D:8      | Noticed a slime creature
  5274 | D:8      | Noticed a two-headed ogre
  5342 | D:8      | Found a transporter.
  5374 | D:8      | Found a flagged portal.
  5390 | Bailey   | Entered a bailey
  5437 | Bailey   | Reached skill level 13 in Maces & Flails
  5437 | Bailey   | Reached XP level 10. HP: 56/70 MP: 11/11
  5441 | Bailey   | Reached ***** piety under Lugonu
  5623 | Bailey   | Found a bloodstained altar of Trog.
  5688 | D:8      | Identified the +10 hand axe of Uskayaw's Anger {drain,
                  | Str-3 Int+6 Dex+4}
  5770 | D:8      | Reached skill level 14 in Maces & Flails
  5961 | D:8      | Found a staircase to the Lair.
  5964 | D:8      | Noticed a red ugly thing
  5975 | D:8      | Killed a red ugly thing
  6215 | D:8      | Noticed a two-headed ogre
  6251 | D:8      | Killed a two-headed ogre
  6549 | D:9      | Reached skill level 15 in Maces & Flails
  6582 | D:9      | Reached XP level 11. HP: 48/75 MP: 12/12
  6815 | D:9      | Noticed a two-headed ogre
  6825 | D:9      | Killed a two-headed ogre
  6826 | D:9      | Reached skill level 16 in Maces & Flails
  6893 | D:9      | Found a white marble altar of Elyvilon.
  7036 | D:9      | Found an ancient bone altar of Kikubaaqudgha.
  7402 | D:10     | Entered Level 10 of the Dungeon
  7715 | D:10     | Reached skill level 17 in Maces & Flails
  7743 | D:10     | Found a staircase to the Orcish Mines.
  8322 | D:11     | Found a frozen archway.
  8351 | IceCv    | Entered an ice cave
  8360 | IceCv    | HP: 2/75 [freezing wraith (6)]
  8363 | IceCv    | Slain by a freezing wraith

Illustrated notes

Levels and vault maps discovered:
D:1:      spicycebolla_arrival_xxxplode, layout_loops_ring,
          chequers_ecumenical_altar_island, minmay_tiny_reverse_x
D:2:      layout_basic, uniq_robin, uniq_natasha
D:3:      layout_basic, lemuel_tele_altar, serial_shops, shop,
          nicolae_shop_hallway_stairs, serial_bayou_lake_a
D:4:      layout_rooms, eat_drink_and_be_merry_uskayaw,
          mainiacjoe_overflow_24_doors, uniq_grinder
D:5:      layout_rooms, mainiacjoe_overflow_tiny_flanked, temple_pool_b
D:6:      cheibrodos_helix_gallery, layout_cave_pools
D:7:      wad_woods_stonehenge, layout_gridville, makhleb_heckhound_becter,
          mainiacjoe_overflow_paths, nicolae_overflow_crystal_walls,
          nzn_wu_jian_contemplation, grunt_qazlal_sundering,
          grunt_decor_mini_mirrors
D:8:      gammafunk_sealed_arena, layout_basic, lair_entry_dummy, enter_bailey_2
D:9:      kennysheep_ambush_hall, layout_irregular_city,
          mainiacjoe_overflow_surrounded_room, lemuel_round_altar,
          eino_small_chamber_without_monster, minmay_misc_feat_alley
D:10:     layout_loops_ring, orc_0_dummy, minmay_misc_feat_rows
D:11:     layout_loops_corners, portal_ice_cave_entry_pillars_2,
          yredelemnul_altar_generic
IceCv:    ice_cave_statue_garden_transporter

Skill      XL: |  1  2  3  4  5  6  7  8  9 10 11 |
---------------+----------------------------------+-----
Maces & Flails | 3 4 5 7 8 10 13 15 17 | 17.2
Fighting       | |  3.2
Armour         | |  2.1
Dodging        | |  0.8
Shields        | |  0.2
Invocations    | |  2.1

Action                   |  1- 3 |  4- 6 |  7- 9 | 10-12 || total
-------------------------+-------+-------+-------+-------++-------
Melee: Mace              |    58 |    89 |    41 |       ||   188
       Whip              |       |       |   231 |   326 ||   557
       Punch             |       |       |     1 |     5 ||     6
Throw: Dart              |       |     1 |     2 |    14 ||    17
  Use: Scroll            |       |    13 |     4 |     8 ||    25
       Potion            |       |       |     1 |     2 ||     3
Armor: Leather armour    |    20 |    19 |       |       ||    39
       Chain mail        |       |    34 |   175 |    43 ||   252
       Plate armour      |       |       |       |   100 ||   100
Dodge: Dodged            |    27 |    43 |   101 |    77 ||   248
Block: Buckler           |       |       |       |     8 ||     8
